 Dungeon Crawl Stone Soup version 0.28.0-43-g3370ac3207 (webtiles) character file.

Game seed: 9341812818667434408

1744 vvl the Stinger (level 8, 0/90 HPs)
             Began as a Demonspawn Venom Mage on Mar 9, 2022.
             Was an Initiate of Kikubaaqudgha.
             Slain by Blork the orc
             ... wielding a +0 battleaxe
              (1 damage)
             ... on level 6 of the Dungeon.
             The game lasted 00:17:53 (9103 turns).

vvl the Stinger (Demonspawn Venom Mage)             Turns: 9103, Time: 00:17:54

Health: 0/90       AC: 24    Str: 13 (16) XL:     8   Next: 77%
Magic:  4/14       EV:  2    Int: 24 (26) God:    Kikubaaqudgha [......]
Gold:   754        SH:  0    Dex: 14 (15) Spells: 6/15 levels left

rFire   . . .      SeeInvis .   q - +0 short sword (venom)
rCold   . . .      Faith    .   (no shield)
rNeg    . . .      Spirit   .   (armour currently unavailable)
rPois   +          Reflect  .   (helmet currently unavailable)
rElec   .          Harm     .   (cloak currently unavailable)
rCorr   .          Rampage  .   (gloves currently unavailable)
Will    .....      NoTele   +   (boots currently unavailable)
Stlth   ++++......              (no amulet)
HPRegen 0.25/turn               g - +6 ring of strength
MPRegen 0.14/turn               w - +6 ring of intelligence

@: tree-form, very slightly contaminated
A: stationary, stasis, torment immunity, boosted hp, thin skeletal structure 1,
foul stench 1, (demonic touch 3), screaming 1, strong 1
a: Renounce Religion


You were on level 6 of the Dungeon.
You worshipped Kikubaaqudgha.
Kikubaaqudgha was noncommittal.
You were a tree.
You visited 2 branches of the dungeon, and saw 7 of its levels.
You also visited: Ossuary.

You collected 754 gold pieces.

Inventory:

Hand Weapons
 i - a +2 dagger of protection
 m - a +3 quarterstaff of chaos
 q - a +0 short sword of venom (weapon)
Armour
 a - a +0 robe (melded)
 d - a +1 hat (melded)
 x - a +1 cloak (melded)
Jewellery
 g - a +6 ring of strength (left branch)
 k - a ring of fire
 u - a ring of fire
 w - a +6 ring of intelligence (right branch)
Scrolls
 b - 2 scrolls of noise {unknown}
 c - 2 scrolls of amnesia {unknown}
 e - a scroll of magic mapping {unknown}
 f - a scroll of fog {unknown}
 h - 2 scrolls of identify {unknown}
 o - a scroll of fear {unknown}
 p - 2 scrolls of teleportation {unknown}
 r - a scroll of blinking {unknown}
 v - a scroll of immolation {unknown}
Potions
 j - 2 potions of lignification
 l - a potion of degeneration
 n - a potion of magic {unknown}
 s - 2 potions of mutation
 t - a potion of attraction {unknown}


   Skills:
 + Level 3.9 Fighting
 - Level 2.0 Dodging
 - Level 4.0 Stealth
 + Level 4.3 Spellcasting
 + Level 4.5 Necromancy
 + Level 3.8 Transmutations
 * Level 6.9 Poison Magic


You had 6 spell levels left.
You knew the following spells:

 Your Spells              Type           Power      Damage    Failure   Level
a - Sting                 Tmut/Pois      100%       1d8       1%          1
b - Olgreb's Toxic Radia  Pois           38%        N/A       5%          4
c - Dispel Undead         Necr           27%        3d13      14%         4

Your spell library contained the following spells:

 Spells                   Type           Power      Damage    Failure   Level
 Poisonous Vapours        Pois/Air       42%        N/A       3%          2
 Mephitic Cloud           Conj/Pois/Air  16%        N/A       11%         3
 Static Discharge         Conj/Air       5%         N/A       14%         2
 Tukima's Dance           Hex            5%         N/A       28%         3
 Passage of Golubria      Tloc           5%         N/A       67%         4
 Sticky Flame             Conj/Fire      5%         2d3       67%         4
 Yara's Violent Unravell  Hex/Tmut       7%         3d5       75%         5
 Lightning Bolt           Conj/Air       2%         1d14      95%         5
 Maxwell's Capacitive Co  Air            2%         ∞         100%        8


Dungeon Overview and Level Annotations

Branches:
Dungeon (6/15)             Temple (1/1) D:5         Ossuary (visited)

Altars:
Ashenzari
Cheibriados
Dithmenos
Elyvilon
Fedhas
Gozag
Hepliaklqana
Kikubaaqudgha
Makhleb
Nemelex Xobeh
Okawaru
Ru
Sif Muna
Trog
Uskayaw
Vehumet
Wu Jian
Xom
Yredelemnul
Zin
The Shining One

Annotations:
D:6 3 runed translucent doors, Blork the orc; smarlow's ghost, novice DjFE


Innate Abilities, Weirdness & Mutations

You are a tree.
Your roots penetrate the ground, keeping you stationary.
You cannot be teleported.
You are immune to unholy pain and torment.
Your maximum health is greatly increased.
Your equipment is partially melded.
You have a somewhat thin skeletal structure. (Dex +2, Stealth+)
You may rarely emit foul miasma when damaged in melee.
((Your touch may irresistibly damage your foes and sap their willpower.))
You occasionally shout uncontrollably at your foes.
Your muscles are strong. (Str +2)


Message History

Aim: a wight, wielding a +0 great sword and wearing a +0 robe (100% to hit)
The wight is dispelled!!
You destroy the wight!
Kikubaaqudgha accepts your kill.
Blork the orc screams, "I'll drink your blood!
Soon!"
Casting: Dispel Undead (dangerous; 12% risk of failure)
Confirm with . or Enter, or press ? or * to list all spells.
You don't have enough magic to cast this spell.
Unknown command.
Casting: Dispel Undead (dangerous; 12% risk of failure)
Confirm with . or Enter, or press ? or * to list all spells.
You don't have enough magic to cast this spell.
Blork the orc hits you with a +0 battleaxe!
* * * LOW HITPOINT WARNING * * *
Blork the orc screams, "You are the ugliest creature I've ever seen!"
Blork the orc casts a spell at you. The puff of frost hits you.
* * * LOW HITPOINT WARNING * * *
You turn into a tree.
Your +1 cloak melds into your body.
Your +1 hat melds into your body.
Your +0 robe melds into your body.
Your roots penetrate the ground.
Blork the orc hits you with a +0 battleaxe!
* * * LOW HITPOINT WARNING * * *
You hit Blork the orc.
Blork the orc is poisoned.
Blork the orc is lightly wounded.
Blork the orc gestures at you while chanting.
The puff of frost hits you!
* * * LOW HITPOINT WARNING * * *
The wight hits you but does no damage.
Blork the orc casts a cantrip, but nothing happens.
It was a potion of mutation.
You feel extremely strange.
You feel the urge to shout.
You feel stronger.
Blork the orc hits you but does no damage.
The wight hits you but does no damage.
It was a potion of degeneration.
There was something very wrong with that liquid.
You feel weakened.
You feel dopey.
You feel clumsy.
Blork the orc hits you with a +0 battleaxe.
You die...
Kikubaaqudgha rasps: "You have failed me!
Welcome... death!"

#....#..# ..#......
#....##.# .##..... #
#.....####.#.....###.####
#.....#....#.....#.......
#.....#...[#.....).......
#.....#....#.....#.......
#.....#....#.....#.......
#.....#'####.....#.######
#####....♣o....#####
#.....z....# #..........#
#..........# #..........#
#..........#
..........###
...........# ...........#


You could see Blork the orc (fast, very poisoned) and a wight.

Vanquished Creatures
  Sigmund (D:3)
  An acid dragon (D:5)
  A necrophage (D:6)
  A black bear (D:4)
  2 ogres (D:6)
  2 centaurs (D:6)
  2 elf zombies (Ossuary)
  A scorpion (D:5)
  2 wights (D:6)
  2 jellies (D:4)
  4 centaur zombies
  An orc priest (D:4)
  Crazy Yiuf (D:2)
  A human zombie (Ossuary)
  2 iguanas
  2 hound skeletons (D:4)
  5 mummies
  10 adders
  A shadow imp (D:4)
  2 white imps (D:5)
  An adder skeleton (D:4)
  4 adder zombies (Ossuary)
  2 worms
  3 orcs
  5 endoplasms
  5 giant cockroaches
  11 goblins
  7 hobgoblins
  11 jackals
  6 quokkas
  8 ball pythons
  4 bats
  A frilled lizard (D:3)
  5 gnoll zombies (Ossuary)
  6 goblin zombies
  5 hobgoblin zombies (Ossuary)
  3 jackal zombies (Ossuary)
  12 kobolds
  3 kobold zombies (Ossuary)
  2 orc zombies
  3 quokka zombies (Ossuary)
  13 rats
  3 rat zombies (Ossuary)
167 creatures vanquished.

Vanquished Creatures (others)
  A demonic plant (D:1)
1 creature vanquished.

Grand Total: 168 creatures vanquished

Notes
Turn   | Place    | Note
-------+----------+-------------------------------------------
     0 | D:1      | vvl the Demonspawn Venom Mage began the quest for the Orb.
     0 | D:1      | Reached XP level 1. HP: 13/13 MP: 3/3
    15 | D:1      | Found a faded altar of an unknown god.
   225 | D:1      | Reached skill level 1 in Transmutations
   234 | D:1      | Gained mutation: Your touch may inflict minor irresistible
                  | damage on your foes. [demonic ancestry]
   234 | D:1      | Reached XP level 2. HP: 10/19 MP: 1/5
  1157 | D:2      | Reached XP level 3. HP: 19/25 MP: 0/6
  1260 | D:2      | Reached skill level 1 in Necromancy
  2254 | D:2      | Reached skill level 1 in Fighting
  2254 | D:2      | Gained mutation: Your touch may inflict irresistible damage
                  | on your foes. [demonic ancestry]
  2254 | D:2      | Reached XP level 4. HP: 28/32 MP: 4/7
  2502 | D:2      | Found a runed translucent door.
  2503 | D:2      | Noticed Crazy Yiuf
  2786 | D:2      | Killed Crazy Yiuf
  3229 | D:3      | Reached skill level 4 in Poison Magic
  3281 | D:3      | Gained mutation: Your touch may irresistibly damage your
                  | foes and sap their willpower. [demonic ancestry]
  3281 | D:3      | Reached XP level 5. HP: 28/37 MP: 2/8
  3515 | D:3      | Noticed Sigmund
  3566 | D:3      | Killed Sigmund
  3567 | D:3      | Reached XP level 6. HP: 4/44 MP: 8/10
  4115 | D:3      | Found Vivul's Weapon Shop.
  4902 | D:4      | Learned a level 4 spell: Olgreb's Toxic Radiance
  5019 | D:4      | Reached skill level 5 in Poison Magic
  5019 | D:4      | Gained mutation: You may rarely emit foul miasma when
                  | damaged in melee. [demonic ancestry]
  5019 | D:4      | Reached XP level 7. HP: 44/51 MP: 6/11
  5476 | D:5      | Entered Level 5 of the Dungeon
  5540 | D:5      | Found a staircase to the Ecumenical Temple.
  5610 | D:5      | Found a sand-covered staircase.
  5618 | Ossuary  | Entered an ossuary
  6507 | Ossuary  | HP: 3/76 [something (1)]
  6789 | Ossuary  | Gained mutation: You have a somewhat thin skeletal
                  | structure. (Dex +2, Stealth+) [demonic ancestry]
  6789 | Ossuary  | Reached XP level 8. HP: 39/58 MP: 13/13
  7126 | D:5      | Reached skill level 6 in Poison Magic
  7156 | Temple   | Entered the Ecumenical Temple
  7531 | Temple   | Became a worshipper of Kikubaaqudgha
  8623 | D:5      | Learned a level 4 spell: Dispel Undead
  8942 | D:6      | Found a runed translucent gate.
  8943 | D:6      | Found a runed translucent gate.
  8944 | D:6      | Found a runed translucent gate.
  8947 | D:6      | Noticed smarlow's ghost (novice DjFE)
  9085 | D:6      | Noticed Blork the orc
  9101 | D:6      | HP: 1/90 [Blork the orc/puff of frost (7)]
  9102 | D:6      | Gained mutation: You occasionally shout uncontrollably at
                  | your foes. [potion of mutation]
  9102 | D:6      | Gained mutation: Your muscles are strong. (Str +2) [potion
                  | of mutation]
  9103 | D:6      | Slain by Blork the orc

Illustrated notes

Levels and vault maps discovered:
D:1:      dpeg_arrival_rooms_a, layout_loops_ring, shapermc_ecumenical_altar_gd,
          minmay_rat_gold_closets
D:2:      kennysheep_six_static_rooms, layout_basic, serial_co_window_serial,
          co_window_corner_a, co_window_paths_a, co_window_paths_a,
          co_window_corner_a, co_window_of_opportunity_a, co_window_paths_c,
          co_window_corner_ca, co_window_of_opportunity_c, co_window_paths_e,
          co_window_4corner_a, glass_columns_b, glass_columns_a,
          glass_columns_a, glass_columns_b, grunt_ministairs_6,
          chequers_serial_rivers_micro_c, uniq_crazy_yiuf_cottage
D:3:      layout_loops_ring, serial_shops, shop, uniq_sigmund
D:4:      minmay_polygon_palace, layout_basic, palyth_stone_intersect
D:5:      layout_rooms, minmay_temple_entry_antechambers,
          nicolae_ossuary_entry_giza
D:6:      layout_gridville, mainiacjoe_overflow_alcove_1, gammafunk_ghost_split,
          uniq_blork_the_orc
Temple:   kilobyte_greek_temple

Skill      XL: |  1  2  3  4  5  6  7  8 |
---------------+-------------------------+-----
Transmutations | 1 2 3 |  3.8
Dodging        | 2 |  2.0
Stealth        | 2 3 4 |  4.0
Necromancy     | 1 2 3 4 |  4.5
Fighting       | 1 2 3 |  3.9
Poison Magic   | 4 5 6 |  6.9
Spellcasting   | 3 4 |  4.3

Action                   |  1- 3 |  4- 6 |  7- 9 || total
-------------------------+-------+-------+-------++-------
Melee: Short sword       |    40 |    43 |    72 ||   155
       Unarmed           |     5 |       |       ||     5
       Punch             |     1 |       |     1 ||     2
       Touch             |     9 |    12 |    16 ||    37
       Dagger            |    21 |    12 |       ||    33
       Quarterstaff      |       |    13 |   196 ||   209
 Cast: Sting             |    57 |    76 |    14 ||   147
       Dispel Undead     |       |       |     2 ||     2
  Use: Potion            |       |     2 |     5 ||     7
 Stab: Sleeping          |     2 |       |    10 ||    12
       Paralysed         |       |       |     1 ||     1
Armor: Robe              |    22 |    37 |   103 ||   162
       Skin              |       |       |    53 ||    53
Dodge: Dodged            |    50 |    59 |   193 ||   302
